 Dungeon Crawl Stone Soup version 0.30-a0-800-g7c544603b3 (webtiles) character file.

Game seed: 6189242536195599137

217 Aneyh the Poker (level 5, -8/32 HPs)
             Began as a Tengu Monk on Feb 23, 2023.
             Killed by divine providence
             ... invoked by an orc priest
              (12 damage)
             ... on level 4 of the Dungeon.
             The game lasted 00:04:52 (2242 turns).

Aneyh the Poker (Tengu Monk)                        Turns: 2242, Time: 00:04:53

Health: -8/32      AC:  2    Str: 13    XL:     5   Next: 94%
Magic:  6/6        EV: 16    Int: 10    God:
Gold:   121        SH:  0    Dex: 17    Spells: 4/4 levels left

rFire   . . .      SeeInvis .    a - +0 spear
rCold   . . .      Faith    .    (no shield)
rNeg    . . .      Spirit   .    b - +0 robe
rPois   .          Reflect  .    (helmet restricted)
rElec   .          Harm     .    (no cloak)
rCorr   .          Rampage  .    (no gloves)
Will    .....                    (boots unavailable)
Stlth   ++                       (no amulet)
HPRegen 0.25/turn                (no ring)
MPRegen 0.10/turn                (no ring)

@: flying quickly and evasively, quick
A: beak, talons 3, nimble flight
a: no special abilities


You were on level 4 of the Dungeon.
You visited 1 branch of the dungeon, and saw 4 of its levels.

You collected 121 gold pieces.

Inventory:

Hand Weapons
 a - a +0 spear (weapon)
Armour
 b - a +0 robe (worn)
 c - a +0 pair of gloves
Magical Staves
 m - a staff of poison
Scrolls
 e - 2 scrolls of identify {unknown}
 h - a scroll of vulnerability {unknown}
 i - a scroll of poison {unknown}
 j - a scroll of teleportation {unknown}
 n - a scroll of fear {unknown}
 p - 2 scrolls of noise {unknown}
Potions
 g - a potion of lignification {unknown}
 k - 3 potions of curing {unknown}
 l - a potion of cancellation {unknown}
 o - a potion of invisibility {unknown}


   Skills:
 - Level 3.0 Fighting
 + Level 7.0 Polearms
 - Level 3.2 Dodging
 - Level 2.0 Stealth


You had 4 spell levels left.
You didn't know any spells.
Your spell library contained the following spells:

 Spells                   Type           Power      Damage    Failure   Level
 Freeze                   Ice            0%         1d3       36%         1
 Frozen Ramparts          Ice            0%         1d1       75%         3
 Hailstorm                Conj/Ice       0%         3d3       75%         3


Dungeon Overview and Level Annotations

Branches:
Dungeon (4/15)
 Temple: D:4-7

Altars:
Nemelex Xobeh

Shops:
D:2 !   D:3 (

Annotations:
D:2 Sigmund


Innate Abilities, Weirdness & Mutations

You have a beak for a mouth.
You have claws for feet.
Your magical nature lets you fly swiftly and evasively.


Message History

You are too injured to fight recklessly!
You closely miss the orc wizard.
The orc wizard is heavily wounded.
The orc priest closely misses you.
The orc wizard points at you and mumbles some strange words.
You are confused.
You closely miss the orc wizard.
You claw the orc wizard, but do no damage.
The orc wizard is heavily wounded.
It was a potion of heal wounds.
You feel much better.
The orc priest miscasts a cantrip.
The orc wizard misses you.
You closely miss the orc wizard.
The orc wizard is heavily wounded.
The orc priest calls upon Beogh to heal the orc wizard.
The orc wizard is healed somewhat.
The orc wizard gestures at you while chanting.
The magic dart hits you! The orc priest misses you.
The orc wizard hits you with a +0 short sword.
You see here a hound skeleton.
You're too confused to move!
The orc priest misses you. The orc wizard barely misses you.
You're too confused to move!
The orc priest mumbles some strange prayers to Beogh against you.
Beogh smites you!
* * * LOW HITPOINT WARNING * * *
The orc wizard closely misses you.
You hit the orc wizard.
The orc wizard is lightly wounded.
The orc priest barely misses you.
The orc wizard hits you with a +0 short sword.
* * * LOW HITPOINT WARNING * * *
You bump into the rock wall.
You feel less confused. The orc wizard barely misses you.
The orc priest closely misses you.
It was a potion of magic.
Magic courses through your body.
The orc priest invokes the aid of Beogh against you.
Beogh smites you!
You die...

.........## ###..#
..........# ##...##
..........## ###...##
...........###....##
................###
..............###
...............)###
...............o<.###
..........####@o...#
.......### ###...#
.....## #### ##..


You could see an orc priest and an orc wizard.

Vanquished Creatures
  A hound (D:4)
  An orc priest (D:2)
  Jessica (D:3)
  4 gnolls
  An adder (D:2)
  2 worms
  A dart slug (D:1)
  15 orcs
  8 bats
  3 endoplasms
  4 giant cockroaches
  2 goblins (D:1)
  5 hobgoblins
  2 quokkas (D:1)
  3 ball pythons (D:1)
  3 frilled lizards
  7 kobolds
63 creatures vanquished.

Notes
Turn   | Place    | Note
-------+----------+-------------------------------------------
     0 | D:1      | Aneyh the Tengu Monk began the quest for the Orb.
     0 | D:1      | Reached XP level 1. HP: 14/14 MP: 2/2
    98 | D:1      | Reached XP level 2. HP: 19/19 MP: 3/3
   129 | D:1      | Reached skill level 4 in Polearms
   346 | D:1      | Reached XP level 3. HP: 23/23 MP: 4/4
   356 | D:1      | Found a faded altar of an unknown god.
   679 | D:2      | Noticed Sigmund
   789 | D:2      | Found Supsop's Distillery.
   822 | D:2      | Reached skill level 5 in Polearms
   842 | D:2      | Reached XP level 4. HP: 10/28 MP: 5/5
  1263 | D:3      | Found Bocoss's Weapon Boutique.
  1383 | D:3      | Noticed Jessica
  1389 | D:3      | Killed Jessica
  1390 | D:3      | Reached skill level 6 in Polearms
  1390 | D:3      | Gained mutation: Your magical nature lets you fly swiftly
                  | and evasively. [Tengu growth]
  1390 | D:3      | Reached XP level 5. HP: 32/32 MP: 6/6
  1396 | D:3      | Found a sparkling altar of Nemelex Xobeh.
  1927 | D:4      | Reached skill level 7 in Polearms
  2242 | D:4      | Killed from afar by an orc priest

Illustrated notes

Levels and vault maps discovered:
D:1:      saegor_arrival_simple_b, layout_loops_ring,
          shapermc_ecumenical_altar_flowoftime
D:2:      layout_rooms, serial_shops, shop, uniq_sigmund
D:3:      layout_rooms, mainiacjoe_overflow_tiny_flanked, serial_shops,
          nicolae_shop_hallway_stairs, uniq_jessica
D:4:      layout_cave_pods, mainiacjoe_overflow_catch_the_wave,
          minmay_box_of_dots, uniq_ijyb, uniq_duvessa

Skill      XL: |  1  2  3  4  5 |
---------------+----------------+-----
Polearms       | 4 5 6 7 |  7.0
Fighting       | |  3.0
Dodging        | |  3.2
Stealth        | |  2.0

Action                     |  1- 3 |  4- 6 || total
---------------------------+-------+-------++-------
  Melee: Spear             |    92 |   138 ||   230
         Kick              |    26 |    35 ||    61
         Peck              |     9 |    22 ||    31
         Punch             |     1 |     1 ||     2
    Use: Potion            |     1 |     2 ||     3
   Stab: Sleeping          |     2 |     1 ||     3
 Armour: Robe              |     7 |    21 ||    28
  Dodge: Dodged            |    50 |    92 ||   142

Table legend: (Time is in decaauts)
 A = Elapsed time spent in this place.
 B = Non-inter-level travel time spent in this place.
 C = Inter-level travel time spent in this place.
 D = Time resting spent in this place.
 E = Time spent auto-exploring this place.
 F = Levels seen in this place.
 G = Mean time per level.
                   A        B        C        D        E       F      G
               +--------+--------+--------+--------+--------+-----+--------+
         Total |   2179 |   2004 |    175 |    482 |    973 |   4 |  544.8 |
       Dungeon |   2179 |   2004 |    175 |    482 |    973 |   4 |  544.8 |
               +--------+--------+--------+--------+--------+-----+--------+

Top non-repeatable levels by time:
     D:1: 912 daAuts
     D:3: 626 daAuts
     D:2: 436 daAuts
     D:4: 203 daAuts
